 Dungeon Crawl Stone Soup version 0.13-a0-1638-g9943704 (webtiles) character file.

175162 WolfTickets the Ninja (level 17, -1/79 HPs)
             Began as a Spriggan Enchanter on June 16, 2013.
             Was the Champion of Vehumet.
             Slain by an ironheart preserver
             ... wielding a +0,+1 orcish halberd
             ... led by a vault warden
              (26 damage)
             ... on Level 3 of the Vaults on June 17, 2013.
             The game lasted 02:52:32 (36995 turns).

WolfTickets the Ninja (Spriggan Enchanter)         Turns: 36995, Time: 02:52:32

HP  -1/79        AC  8     Str  8      XL: 17   Next: 72%
MP  22/38        EV 47     Int 17      God: Vehumet [******]
Gold 2222        SH 18     Dex 27      Spells: 10 memorised,  3 levels left

Res.Fire  : + . .   See Invis. : +   x - +6,+5 sabre of Zynoag {distort, +Fly Dex+3 Res.Cold : . . . Warding : . z - +2 elf robe {Archmagi} Life Prot.: . . . Conserve : . M - +0 buckler {rPois}
Res.Poison: +       Res.Corr.  : .   E - +2 cap
Res.Elec. : .       Clarity    : .   n - +1 cloak "Wisas" {Stlth}
Sust.Abil.: . .     Spirit.Shd : .   (gloves unavailable)
Res.Mut.  : +       Stasis     : .   (boots unavailable)
Res.Rott. : .       Flight     : .   c - amulet of resist mutation
Saprovore : . . .                    D - +5 ring of evasion
                                     B - ring of protection from fire

@: agile, very slightly contaminated, very quick, very resistant to hostile
enchantments, uncannily stealthy
A: unfitting armour, see invisible, herbivore 3, speed 3, slow metabolism 2
a: Renounce Religion, Evoke Flight


You were on level 3 of the Vaults.
You worshipped Vehumet.
Vehumet was exalted by your worship.
You were not hungry.

You visited 6 branches of the dungeon, and saw 37 of its levels.
You also visited: Ice Cave.

You collected 2827 gold pieces.
You spent 625 gold pieces at shops.

Inventory:

Hand weapons
 f - a +3,+1 dagger of chaos (quivered)
 s - a +5,+2 dagger of venom
 u - a +0 blowgun
 x - the +6,+5 sabre of Zynoag (weapon) {distort, +Fly Dex+3}
   (You acquired it on level 16 of the Dungeon)

   It warps and distorts space around it.
   Unwielding it can cause banishment or high damage.
   It affects your dexterity (+3).
   It lets you fly.
Missiles
 v - 5 poisoned needles
Armour
 n - the +1 cloak "Wisas" (worn) {Stlth}
   (You bought it in a shop on level 4 of the Orcish Mines)

   It makes you more stealthy.
 z - a +2 elven robe of the Archmagi (worn)
 E - a +2 cap (worn)
 M - a +0 buckler of poison resistance (worn)
Magical devices
 C - a wand of fire (4)
 J - a wand of digging (15)
 R - a wand of hasting (1)
 U - a wand of fire (5)
Comestibles
 j - 6 bread rations
Scrolls
 e - 5 scrolls of fog
 w - 4 scrolls of remove curse
 F - a scroll of recharging
 H - 2 scrolls of amnesia
 W - 2 scrolls of magic mapping
Jewellery
 c - an amulet of resist mutation (around neck)
 i - an uncursed ring of teleport control
 k - an uncursed ring of flight
 r - an uncursed ring of life protection
 t - an uncursed ring of protection from magic
 y - an uncursed ring of poison resistance
 B - a ring of protection from fire (left hand)
 D - a +5 ring of evasion (right hand)
 G - an uncursed amulet of resist corrosion
 Q - an uncursed amulet of faith
 T - an uncursed ring of protection from cold
Potions
 g - a potion of speed
 h - a potion of magic
 l - a potion of might
 m - a potion of flight
 o - 3 potions of curing
 q - 2 potions of agility
 I - a potion of invisibility
 K - 2 potions of berserk rage
 L - 3 potions of resistance
 P - 2 potions of restore abilities
 X - 2 potions of brilliance
Books
 p - a book of Cantrips

   Spells                             Type                      Level
   Confusing Touch                    Hexes                        1
   Animate Skeleton                   Necromancy                   1
   Summon Small Mammal                Summoning                    1
   Apportation                        Translocation                1
Magical staves
 V - an uncursed staff of energy


   Skills:
 - Level 6.0 Fighting
 - Level 12.0 Short Blades
 - Level 1.1 Throwing
 - Level 16.6 Dodging
 O Level 27 Stealth
 - Level 5.0 Shields
 - Level 8.9 Traps
 - Level 12.3 Spellcasting
 - Level 14.6 Hexes
 - Level 13.2 Charms
 + Level 6.8 Earth Magic


You had 3 spell levels left.
You knew the following spells:

 Your Spells              Type           Power        Failure   Level  Hunger
a - Stone Arrow           Conj/Erth      ####..       1%          3    None
b - Ensorcelled Hibernat  Hex/Ice        ######       1%          2    None
c - Freeze                Ice            ###.         2%          1    None
d - Confuse               Hex            ######..     1%          3    None
e - Invisibility          Hex            ######..     2%          6    ######.
f - Airstrike             Air            ###.......   28%         4    ##.....
g - Haste                 Chrm           ######..     6%          6    ######.
h - Iron Shot             Conj/Erth      ####......   80%         6    ######.
i - Passwall              Trmt/Erth      ####......   6%          3    None
j - Flight                Chrm/Air       #####.....   1%          3    None


Dungeon Overview and Level Annotations

Branches:
Dungeon (20/27)            Temple (1/1) D:6             Orc (4/4) D:8
    Elf (0/3) Orc:3          Lair (8/8) D:13         Shoals (0/5) Lair:3
  Snake (0/5) Lair:5       Vaults (3/5) D:20          Blade (0/1) Vaults:3
 Forest (1/5) Vaults:3
  Slime: Lair:6-8

Altars:
Ashenzari
Cheibriados
Elyvilon
Fedhas
Kikubaaqudgha
Makhleb
Nemelex Xobeh
Okawaru
Sif Muna
Trog
Vehumet
Xom
Yredelemnul
Zin
the Shining One

Shops:
Orc:2: [![ Orc:4: %[[[ Vaults:2: *

Annotations
D:17 Norris
Orc:2 Erica
Lair:4 exclusion: oklob plant
Lair:7 exclusion: oklob plant
Vaults:1 Wiglaf


Innate Abilities, Weirdness & Mutations

You are tiny and cannot use many weapons and most armour.
You have supernaturally acute eyesight.
You are a herbivore.
You cover ground extremely quickly.
You need consume almost no food.


Message History

Unknown command.
Unknown command.
Unknown command.
Unknown command.
The vault warden activates a sealing rune.
Unknown command.
Unknown command.
Unknown command.
Unknown command.
The ironheart preserver closely misses you.
You see here 2 bolts.
Unknown command.
Unknown command.
Unknown command.
You open the door.
The vault warden unwields an uncursed orcish bardiche.
The vault warden wields an uncursed orcish crossbow.
The vault warden shoots a bolt.
The bolt hits you!
The ironheart preserver hits you from afar with an orcish halberd!
You die...

#.............. ...?. ......@...
#.............. ... .c....@.c.
#.............# ########......c
#.............####...####.c.....
#......./.....##...#..§##.......
#.............##.#.#.#§##.......
#............)#...).§.§§#......#
#.............'.##.>§##§#......#
#.............#@.@.....§#......#
#.............##.#.#.#.## .....
#.............##.(.#...# ....
#.............####.@.### ...
#.............######## .
#.......).........
#.................
##################


You could see a vault warden and an ironheart preserver.

Vanquished Creatures
  A lich (Vaults:2)
  Maud (D:15)
  2 vault wardens (Vaults:3)
  A storm dragon zombie (Vaults:2)
  2 dragons
  An ironheart preserver (Vaults:2)
  8 vault guards
  4 yaktaur captains
  3 great orbs of eyes
  Fannar (Orc:3)
  Harold (Orc:4)
  10 hydras
  Nessos (D:16)
  A stone giant zombie (D:18)
  6 ogre magi
  A frost giant zombie (Vaults:3)
  8 death yaks
  2 dancing weapons (D:20)
  Nergalle (D:16)
  13 centaur warriors
  An iron troll (Vaults:3)
  3 stone giant skeletons
  A deep elf knight (Vaults:1)
  A giant amoeba (D:16)
  2 unseen horrors
  A flayed ghost (D:19)
  A faun (shapeshifter) (D:20)
  3 ironbrand convokers
  6 orc knights
  A wizard (D:19)
  Pikel (D:6)
  4 large abominations (D:19)
  14 hill giants
  4 griffons
  A lindwurm (Orc:4)
  A wolf spider (shapeshifter) (D:20)
  A necromancer (D:17)
  A red wasp (shapeshifter) (D:17)
  A red wasp zombie (D:17)
  14 cyclopes
  A black mamba (shapeshifter) (D:20)
  2 harpy skeletons
  An elephant slug (Lair:5)
  2 ettin zombies
  A stone giant simulacrum (Vaults:3)
  A black mamba (Lair:8)
  3 yaktaurs
  8 spiny frogs
  3 hill giant zombies
  4 elephants (Lair:6)
  39 slime creatures
  Psyche (D:13)
  56 ugly things
  A naga mage (Lair:5)
  10 spriggans
  11 komodo dragons
  An efreet (D:17)
  A hill giant skeleton (D:15)
  13 trolls
  19 two-headed ogres
  2 deep troll skeletons
  4 blink frogs (Lair:3)
  7 grizzly bears (Lair:8)
  A jumping spider (shapeshifter) (D:15)
  3 basilisks
  A shadow (D:20)
  A merfolk (D:14)
  20 yaks
  2 tarantellas
  2 wraiths
  7 redbacks
  13 vampire mosquitoes
  Grum (D:12)
  2 wyverns
  8 hippogriffs
  2 manticores
  A trapdoor spider (D:17)
  A yaktaur zombie (D:19)
  A deep elf fighter (D:17)
  3 fire drakes
  2 soldier ants
  A rock worm (D:20)
  29 war dogs
  2 mottled dragons
  A yaktaur skeleton (Vaults:1)
  A boulder beetle (Vaults:2)
  A necrophage (D:10)
  2 cyclops zombies
  6 small abominations (D:19)
  8 black bears
  2 cyclops skeletons
  15 orc warriors
  8 ice beasts
  A tengu (Vaults:3)
  3 sky beasts
  A yak zombie (D:14)
  A giant goldfish (Lair:6)
  A troll skeleton (D:15)
  2 boring beetles
  4 phantoms (D:9)
  2 troll zombies
  36 ogres
  6 wargs
  13 centaurs
  17 wolves (Lair:8)
  13 crocodiles
  22 giant frogs
  9 giant slugs
  4 big kobolds
  A centaur zombie (D:9)
  2 soldier ant zombies
  2 deep elf magi
  13 water moccasins
  A centaur skeleton (D:4)
  A giant frog zombie (D:12)
  A giant frog skeleton (D:9)
  4 agate snails
  5 killer bees (D:14)
  4 eyes of draining
  5 jellyfish
  A pulsating lump (shapeshifter) (Vaults:3)
  An ogre zombie (D:17)
  3 quasits
  2 electric eels
  2 goliath beetles
  5 hounds
  11 crimson imps
  3 lava snakes (D:14)
  A mottled dragon skeleton (D:16)
  An ogre skeleton (D:5)
  14 orc priests
  3 big fish
  26 orc wizards
  14 iguanas
  10 worker ants
  2 deep elf soldiers
  3 orange rats (D:13)
  12 porcupines
  11 sheep
  6 jellies
  A gnoll shaman (D:4)
  6 gnolls
  25 green rats
  A giant centipede zombie (D:14)
  13 adders
  An adder zombie (D:5)
  5 giant centipedes
  A giant mite (Lair:3)
  An adder skeleton (D:5)
  5 worms
  A bat skeleton (D:4)
  A giant eyeball (D:12)
  2 giant geckos
  An ooze (D:2)
  104 orcs
  6 bats
  A giant cockroach (D:5)
  15 goblins
  15 hobgoblins
  14 jackals
  29 kobolds
  8 quokkas
  2 ball pythons (D:7)
  A giant gecko skeleton (D:4)
  6 giant newts
  5 giant spores
  2 jackal skeletons
  A kobold skeleton (D:5)
  15 rats
  18 ballistomycetes
1079 creatures vanquished.

Vanquished Creatures (others)
  A centaur warrior (Vaults:3)
  A hill giant (D:17)
  A large abomination (D:19)
  A giant amoeba (D:16)
  A griffon (shapeshifter) (D:17)
  A vault sentinel (Vaults:1)
  An iron troll skeleton (D:19)
  8 slime creatures
  2 ugly things (D:16)
  A shadow (D:17)
  5 war dogs
  A slave (D:6)
  A small abomination (D:19)
  An orc warrior (D:16)
  3 ogres
  A centaur (D:11)
  A warg (Orc:3)
  A giant frog (D:6)
  An orc wizard (D:13)
  A sheep (D:15)
  4 orcs
  A giant spore (D:15)
  A ballistomycete (D:15)
  7 fungi
47 creatures vanquished.

Grand Total: 1126 creatures vanquished

Notes
Turn   | Place    | Note
--------------------------------------------------------------
     0 | D:1      | WolfTickets, the Spriggan Enchanter, began the quest for the Orb.
     0 | D:1      | Reached XP level 1. HP: 9/9 MP: 4/4
   354 | D:2      | Reached XP level 2. HP: 10/13 MP: 4/6
   432 | D:2      | Learned a level 2 spell: Ensorcelled Hibernation
   516 | D:2      | Reached skill level 4 in Stealth
   547 | D:2      | Found a white marble altar of Elyvilon.
   930 | D:2      | Reached XP level 3. HP: 16/16 MP: 3/9
  1132 | D:2      | Found a glowing golden altar of the Shining One.
  1370 | D:2      | Found a blossoming altar of Fedhas.
  1584 | D:3      | Reached XP level 4. HP: 19/21 MP: 1/12
  2135 | D:3      | Found an iron altar of Okawaru.
  2149 | D:3      | Reached skill level 5 in Stealth
  3294 | D:4      | Reached XP level 5. HP: 24/24 MP: 10/15
  3546 | D:4      | Reached skill level 6 in Stealth
  3778 | D:4      | Reached XP level 6. HP: 28/28 MP: 18/18
  4017 | D:4      | Found a sparkling altar of Nemelex Xobeh.
  4426 | D:5      | Entered Level 5 of the Dungeon
  4443 | D:5      | Reached skill level 5 in Short Blades
  4502 | D:5      | Reached skill level 7 in Stealth
  5024 | D:5      | Reached XP level 7. HP: 32/32 MP: 17/20
  5417 | D:6      | Found a glowing silver altar of Zin.
  5521 | D:6      | Found a staircase to the Ecumenical Temple.
  5541 | Temple   | Entered the Ecumenical Temple
  5797 | Temple   | Became a worshipper of Vehumet
  6212 | D:6      | Reached skill level 8 in Stealth
  6315 | D:6      | Noticed Pikel
  6332 | D:6      | Killed Pikel
  6332 | D:6      | Reached skill level 9 in Stealth
  6332 | D:6      | Reached XP level 8. HP: 28/36 MP: 10/21
  6537 | D:6      | Found a deep blue altar of Sif Muna.
  6769 | D:7      | Found a snail-covered altar of Cheibriados.
  6939 | D:7      | Reached skill level 5 in Hexes
  7031 | D:7      | Found a bloodstained altar of Trog.
  7067 | D:7      | Acquired Vehumet's first power
  7067 | D:7      | Offered knowledge of Freeze by Vehumet.
  7090 | D:7      | Learned a level 1 spell: Freeze
  7584 | D:8      | Found a staircase to the Orcish Mines.
  7801 | D:8      | Reached skill level 1 in Shields
  7801 | D:8      | Reached XP level 9. HP: 29/39 MP: 8/23
  8260 | D:8      | Found a shimmering altar of Xom.
  8266 | D:8      | Learned a level 3 spell: Confuse
  8763 | D:10     | Entered Level 10 of the Dungeon
  8763 | D:10     | Noticed a hill giant
  9022 | D:9      | Reached skill level 5 in Shields
  9102 | D:9      | Offered knowledge of Flame Tongue by Vehumet.
  9901 | D:11     | Noticed a cyclops
 10092 | D:11     | Killed a cyclops
 10092 | D:11     | Reached XP level 10. HP: 44/44 MP: 24/24
 10375 | D:11     | Noticed a hill giant
 10395 | D:11     | Killed a hill giant
 10395 | D:11     | Reached skill level 10 in Hexes
 10425 | D:11     | Learned a level 6 spell: Invisibility
 10523 | D:12     | Noticed a hill giant
 10616 | D:11     | Reached skill level 11 in Hexes
 10796 | D:12     | Offered knowledge of Stone Arrow by Vehumet.
 10800 | D:12     | Noticed a hill giant
 11178 | D:13     | Noticed Psyche
 11182 | D:13     | Killed Psyche
 11182 | D:13     | Reached skill level 12 in Hexes
 11206 | D:13     | Noticed a hill giant
 11208 | D:13     | Killed a hill giant
 11251 | D:13     | Reached skill level 13 in Hexes
 11337 | D:13     | Found a staircase to the Lair.
 11341 | D:13     | Acquired Vehumet's second power
 11351 | D:13     | Reached skill level 14 in Hexes
 11382 | Lair:1   | Entered Level 1 of the Lair of Beasts
 11392 | Lair:1   | Reached XP level 11. HP: 47/47 MP: 25/25
 11637 | Lair:1   | Offered knowledge of Airstrike by Vehumet.
 11670 | Lair:1   | Noticed a four-headed hydra
 11695 | Lair:1   | Killed a four-headed hydra
 11695 | Lair:1   | Reached skill level 5 in Spellcasting
 11734 | Lair:1   | Learned a level 4 spell: Airstrike
 13364 | Lair:2   | Reached skill level 10 in Spellcasting
 13391 | Lair:2   | Noticed a six-headed hydra
 13405 | Lair:2   | Killed a six-headed hydra
 13405 | Lair:2   | Acquired Vehumet's third power
 13633 | Lair:2   | Offered knowledge of Bolt of Magma by Vehumet.
 14350 | Lair:3   | Reached skill level 5 in Dodging
 14362 | Lair:3   | Found a staircase to the Shoals.
 14531 | Lair:3   | Reached XP level 12. HP: 35/51 MP: 29/34
 14610 | Lair:3   | Noticed a seven-headed hydra
 14683 | Lair:3   | Offered knowledge of Ozocubu's Refrigeration by Vehumet.
 14697 | Lair:3   | Learned a level 6 spell: Ozocubu's Refrigeration
 14747 | Lair:3   | Killed a seven-headed hydra
 14895 | Lair:3   | Reached skill level 10 in Dodging
 15123 | Lair:4   | Noticed a death yak
 15123 | Lair:4   | Noticed a death yak
 15123 | Lair:4   | Noticed a death yak
 15123 | Lair:4   | Noticed a death yak
 15582 | Lair:4   | Noticed an eight-headed hydra
 15592 | Lair:4   | Killed an eight-headed hydra
 15592 | Lair:4   | Reached skill level 10 in Stealth
 16091 | Lair:4   | Killed a death yak
 16097 | Lair:4   | Killed a death yak
 16265 | Lair:4   | Killed a death yak
 16265 | Lair:4   | Reached skill level 10 in Short Blades
 16273 | Lair:4   | Killed a death yak
 16648 | Lair:5   | Found a staircase to the Snake Pit.
 17329 | Lair:5   | Found a basalt altar of Yredelemnul.
 17485 | Lair:6   | Offered knowledge of Iron Shot by Vehumet.
 17495 | Lair:6   | Learned a level 6 spell: Iron Shot
 17510 | Lair:6   | Gained mutation: You can breathe flames. [potion of beneficial mutation]
 18229 | Lair:7   | Noticed a six-headed hydra
 18236 | Lair:7   | Killed a six-headed hydra
 18236 | Lair:7   | Reached skill level 1 in Fighting
 18438 | Lair:7   | Reached XP level 13. HP: 50/56 MP: 26/35
 19304 | Lair:8   | Entered Level 8 of the Lair of Beasts
 20096 | Lair:8   | Reached skill level 5 in Fighting
 20153 | Lair:8   | Offered knowledge of Lightning Bolt by Vehumet.
 20780 | Lair:2   | Learned a level 3 spell: Stone Arrow
 20784 | Lair:2   | Learned a level 3 spell: Passwall
 20784 | Lair:2   | Upgraded the game from 0.13-a0-1628-g8987dc3 to 0.13-a0-1638-g9943704
 20948 | D:13     | Noticed a centaur warrior
 20950 | D:13     | Killed a centaur warrior
 21166 | D:13     | Noticed a five-headed hydra
 21215 | D:13     | Killed a five-headed hydra
 21215 | D:13     | Reached skill level 15 in Dodging
 21333 | D:12     | Noticed Grum
 21361 | D:11     | Noticed a hill giant
 21369 | D:11     | Killed a hill giant
 21434 | D:10     | Killed a hill giant
 21472 | Orc:1    | Entered Level 1 of the Orcish Mines
 21843 | Orc:2    | Noticed Erica
 21856 | Orc:2    | Found Kheafuy's Armour Shoppe.
 21856 | Orc:2    | Found a frozen archway.
 21870 | IceCv    | Entered an ice cave
 21892 | IceCv    | Reached skill level 16 in Dodging
 22072 | Orc:2    | Bought a +0 cloak for 15 gold pieces
 22099 | Orc:2    | Found Schebb's Armour Boutique.
 22127 | Orc:2    | Found Heusk's Distillery.
 22142 | Orc:2    | Bought a potion of heal wounds for 42 gold pieces
 22142 | Orc:2    | Bought a potion of heal wounds for 42 gold pieces
 22449 | Orc:3    | Noticed Fannar
 22460 | Orc:3    | Killed Fannar
 22771 | Orc:3    | Offered knowledge of Orb of Destruction by Vehumet.
 22780 | Orc:3    | Found a staircase to the Elven Halls.
 23002 | Orc:4    | Entered Level 4 of the Orcish Mines
 23350 | Orc:4    | Noticed an ogre mage
 23351 | Orc:4    | Found Leogh's Armour Shoppe.
 23351 | Orc:4    | Found Mullun's Armour Boutique.
 23353 | Orc:4    | Found Heiroder's Food Shop.
 23355 | Orc:4    | Found Giyhosho's Armour Shoppe.
 23355 | Orc:4    | Noticed an ogre mage
 23381 | Orc:4    | Reached XP level 14. HP: 66/66 MP: 34/36
 23382 | Orc:4    | Reached skill level 15 in Stealth
 23676 | Orc:4    | Killed an ogre mage
 23730 | Orc:4    | Offered knowledge of Freezing Cloud by Vehumet.
 23746 | Orc:4    | Bought the cursed +1 cloak "Wisas" {Stlth} for 94 gold pieces
 23748 | Orc:4    | Bought a +2 elven robe of the Archmagi for 432 gold pieces
 24188 | Orc:4    | Noticed Harold
 24189 | Orc:4    | Killed Harold
 24189 | Orc:4    | Reached skill level 17 in Stealth
 24462 | D:12     | Noticed a hill giant
 24498 | D:12     | Killed a hill giant
 24619 | D:12     | Killed a hill giant
 24681 | D:12     | Reached skill level 18 in Stealth
 24780 | D:12     | Noticed a cyclops
 24811 | D:12     | Killed a cyclops
 24909 | D:12     | Noticed a hill giant
 24912 | D:12     | Killed a hill giant
 25104 | D:12     | Killed Grum
 25110 | D:12     | Killed a hill giant
 25430 | D:14     | Entered Level 14 of the Dungeon
 25541 | D:14     | Reached skill level 19 in Stealth
 26266 | D:14     | Learned a level 6 spell: Haste
 26444 | D:14     | Reached skill level 1 in Charms
 26531 | D:15     | Entered Level 15 of the Dungeon
 26606 | D:15     | Reached skill level 1 in Traps
 26758 | D:15     | Noticed Maud
 26768 | D:15     | Killed Maud
 26768 | D:15     | Offered knowledge of Poisonous Cloud by Vehumet.
 26839 | D:15     | Reached skill level 5 in Charms
 26940 | D:15     | Reached skill level 5 in Traps
 27839 | D:16     | Found a shimmering altar of Xom.
 27840 | D:16     | Found a shimmering altar of Xom.
 27841 | D:16     | Found a shimmering altar of Xom.
 27842 | D:16     | Found a shimmering altar of Xom.
 27842 | D:16     | Found a shimmering altar of Xom.
 27887 | D:16     | Reached XP level 15. HP: 25/70 MP: 31/37
 28124 | D:16     | Noticed Nergalle
 28124 | D:16     | Noticed Nessos
 28341 | D:16     | Identified a scroll of acquirement
 28412 | D:16     | Gained mutation: You are clumsy (Dex -1). [mutagenic glow]
 28415 | D:16     | Got a smoking sabre
 28416 | D:16     | Identified the sabre of Zynoag {distort, +Fly Dex+3} (You acquired it on level 16 of the Dungeon)
 28476 | D:16     | Gained mutation: Your body is slowly deteriorating. [mutagenic glow]
 28496 | D:16     | Gained mutation: Your flesh is cold resistant. [mutagenic glow]
 28641 | D:16     | Killed Nessos
 28773 | D:16     | Reached skill level 10 in Charms
 28871 | D:16     | Killed Nergalle
 29066 | D:17     | Noticed Norris
 30013 | D:18     | Lost mutation: You are clumsy (Dex -1). [potion of cure mutation]
 30013 | D:18     | Lost mutation: Your flesh is cold resistant. [potion of cure mutation]
 30013 | D:18     | Lost mutation: Your body is slowly deteriorating. [potion of cure mutation]
 30013 | D:18     | Lost mutation: You can breathe flames. [potion of cure mutation]
 30095 | D:17     | Offered knowledge of Delayed Fireball by Vehumet.
 30258 | D:17     | Reached skill level 20 in Stealth
 30553 | D:17     | Paralysed by Norris for 2 turns
 30711 | D:16     | Found a shimmering altar of Xom.
 30758 | D:16     | Found a shimmering altar of Xom.
 30989 | D:18     | Reached skill level 21 in Stealth
 31476 | D:18     | Reached skill level 22 in Stealth
 31630 | D:19     | Reached XP level 16. HP: 75/75 MP: 36/37
 32006 | D:19     | Learned a level 3 spell: Flight
 32161 | D:19     | Reached skill level 23 in Stealth
 32214 | D:20     | Entered Level 20 of the Dungeon
 32761 | D:20     | Reached skill level 24 in Stealth
 32762 | D:20     | Found a staircase to the Vaults.
 32809 | Vaults:1 | Entered Level 1 of the Vaults
 32966 | Vaults:1 | Noticed Wiglaf
 33342 | Vaults:1 | Reached skill level 25 in Stealth
 34737 | Vaults:2 | Found Kaehuah's General Store.
 34844 | Vaults:2 | Noticed a vault warden
 35083 | Vaults:2 | Noticed a lich
 35092 | Vaults:2 | Killed a lich
 35092 | Vaults:2 | Reached skill level 26 in Stealth
 35092 | Vaults:2 | Reached XP level 17. HP: 79/79 MP: 38/38
 35168 | Vaults:2 | Noticed a vault warden
 35807 | Vaults:3 | Offered knowledge of Lehudib's Crystal Spear by Vehumet.
 35807 | Vaults:3 | Offered knowledge of Fire Storm by Vehumet.
 35807 | Vaults:3 | Offered knowledge of Ice Storm by Vehumet.
 35884 | Vaults:3 | Reached skill level 27 in Stealth
 35934 | Vaults:3 | Reached skill level 1 in Earth Magic
 36224 | Vaults:3 | Found a staircase to the Enchanted Forest.
 36264 | Forest:1 | Entered Level 1 of the Enchanted Forest
 36267 | Forest:1 | Reached skill level 5 in Earth Magic
 36869 | Vaults:3 | Found a staircase to the Hall of Blades.
 36995 | Vaults:3 | Slain by an ironheart preserver

Action                   |  1- 3 |  4- 6 |  7- 9 | 10-12 | 13-15 | 16-18 || total
-------------------------+-------+-------+-------+-------+-------+-------++-------
Melee: Dagger            |    62 |   152 |   340 |   473 |  1045 |       ||  2072
       Short sword       |       |       |    52 |       |       |       ||    52
       Staff             |       |       |       |       |     1 |       ||     1
       Sabre             |       |       |       |       |   350 |   452 ||   802
Throw: Dart              |       |    12 |     3 |     2 |     1 |       ||    18
 Cast: Corona            |    12 |    10 |     9 |     3 |       |       ||    34
       Ensorcelled Hiber |    15 |    59 |    89 |   199 |   293 |    76 ||   731
       Confuse           |       |       |    16 |    14 |    70 |    25 ||   125
       Invisibility      |       |       |       |     8 |    32 |    12 ||    52
       Airstrike         |       |       |       |       |     2 |       ||     2
       Stone Arrow       |       |       |       |       |     2 |       ||     2
Evoke: Wand              |       |     6 |     1 |     9 |    12 |     3 ||    31
  Use: Scroll            |     4 |     7 |    12 |    13 |    27 |     9 ||    72
       Potion            |       |     2 |     2 |     9 |     9 |     8 ||    30
 Stab: Sleeping          |    10 |    38 |    57 |   168 |   261 |   102 ||   636
       Distracted        |       |       |     2 |     1 |     4 |       ||     7
       Confused          |       |       |     9 |     8 |    31 |     8 ||    56
       Invisible         |       |       |       |    20 |   145 |    46 ||   211
       Paralysed         |       |       |       |     1 |       |       ||     1
